 Dungeon Crawl Stone Soup version 0.29-a0-330-g52719c12eb (webtiles) character file.

Game seed: 18313944859861514541

1759 sanka the Conjurer (level 9, 65/65 HPs)
             Began as a Gnoll Conjurer on May 26, 2022.
             Was an Initiate of Ashenzari.
             Quit the game in a sewer.
             The game lasted 00:14:32 (6474 turns).

sanka the Conjurer (Gnoll Conjurer)                 Turns: 6474, Time: 00:14:33

Health: 65/65      AC:  2    Str:  5 (7)  XL:     9   Next: 6%
Magic:  18/18      EV: 13    Int: 21 (22) God:    Ashenzari [......]
Gold:   21         SH:  0    Dex:  7 (10) Spells: 17/20 levels left

rFire   . . .      SeeInvis .   a - +2 spear (venom)
rCold   . . .      Faith    .   (no shield)
rNeg    . . .      Spirit   .   o - +0 robe {Archmagi}
rPois   .          Reflect  .   (helmet restricted)
rElec   .          Harm     .   (no cloak)
rCorr   .          Rampage  .   (no gloves)
Will    .....      Archmagi +   (no boots)
Stlth   ++........              x - amulet of regeneration
HPRegen 1.00/turn               (no ring)
MPRegen 0.16/turn               (no ring)

@: very slow
A: fangs 1, strong nose, distributed training, horns 2, sense surroundings 1,
inability to read while threatened
a: Renounce Religion, Curse Item


You were in a sewer.
You worshipped Ashenzari.
Ashenzari was noncommittal.
You visited 2 branches of the dungeon, and saw 8 of its levels.
You also visited: Sewer.

You collected 196 gold pieces.
You spent 175 gold pieces at shops.


Innate Abilities, Weirdness & Mutations

You have very sharp teeth.
Your uncanny sense of smell can sniff out nearby items.
Your experience applies equally to all skills.
You have a pair of horns on your head.
You passively map a small area around you.
You sometimes lose the ability to read scrolls when taking damage.


   Skills:
 + Level 3.8 Fighting
 + Level 3.8 Short Blades
 + Level 3.8 Long Blades
 + Level 3.8 Axes
 + Level 3.8 Maces & Flails
 + Level 3.8 Polearms
 + Level 3.8 Staves
 + Level 3.8 Slings
 + Level 3.8 Bows
 + Level 3.8 Crossbows
 + Level 3.8 Throwing
 + Level 3.8 Armour
 + Level 6.0 Dodging
 + Level 5.7 Stealth
 + Level 3.8 Shields
 + Level 3.8 Unarmed Combat
 + Level 6.4 Spellcasting
 + Level 7.8 Conjurations
 + Level 3.1 Hexes
 + Level 3.1 Summonings
 + Level 3.1 Necromancy
 + Level 3.1 Translocations
 + Level 3.1 Transmutations
 + Level 3.1 Fire Magic
 + Level 3.1 Ice Magic
 + Level 3.1 Air Magic
 + Level 3.1 Earth Magic
 + Level 3.1 Poison Magic
 + Level 4.2 Invocations
 + Level 3.8 Evocations


You had 17 spell levels left.
You knew the following spells:

 Your Spells              Type           Power      Damage    Failure   Level
x - Searing Ray           Conj           100%       2d8       1%          2
z - Magic Dart            Conj           100%       1d8       1%          1

Your spell library contained the following spells:

 Spells                   Type           Power      Damage    Failure   Level
 Dazzling Flash           Conj/Hex       88%        N/A       3%          3
 Fulminant Prism          Conj/Hex       22%        3d13      10%         4
 Iskenderun's Mystic Bla  Conj/Tloc      44%        2d10      10%         4

Inventory:

Hand Weapons
 a - a +2 spear of venom (weapon)
 b - a +0 war axe of flaming
 q - a +0 halberd
 u - a +2 morningstar of protection
Armour
 h - a +2 ring mail of willpower
 j - a +0 helmet of see invisible
 n - a +0 pair of boots
 o - a +0 robe of the Archmagi (worn)
Jewellery
 x - an amulet of regeneration (around neck)
Wands
 D - a wand of iceblast (9)
Scrolls
 c - a scroll of vulnerability {unknown}
 d - 4 scrolls of teleportation {@r4}
 k - a scroll of immolation {!r}
 l - a scroll of fear
 m - a scroll of holy word
 p - a scroll of silence {!r}
 t - a scroll of magic mapping
 A - a scroll of enchant armour
Potions
 e - 2 potions of magic
 f - 3 potions of flight {unknown}
 i - 2 potions of brilliance
 r - 3 potions of curing {unknown}
 s - 3 potions of ambrosia {unknown}
 v - 3 potions of heal wounds {unknown}
 w - a potion of haste {unknown}
 z - a potion of invisibility
 B - a potion of cancellation
 C - a potion of might {unknown}

Dungeon Overview and Level Annotations

Branches:
Dungeon (7/15)             Temple (1/1) D:4           Sewer (1/1)

Altars:
Ashenzari
Cheibriados
Gozag
Hepliaklqana
Kikubaaqudgha
Makhleb
Nemelex Xobeh
Ru
Sif Muna
Xom
The Shining One

Shops:
D:2

? ≈≈≈≈≈≈≈▒▒ ▒.≈.▒ ▒.≈≈≈≈≈≈≈
≈≈≈≈≈≈≈.▒▒ ▒▒≈▒▒ ▒▒≈≈≈≈≈≈≈≈
≈≈≈≈≈≈≈≈.▒ ▒≈▒ ▒.≈≈≈≈≈≈≈≈
≈≈≈≈≈≈≈≈≈▒ ▒≈▒ ▒▒≈≈≈≈≈≈≈≈≈
≈≈≈≈≈≈≈≈≈▒▒ ▒.▒ ▒▒≈≈≈≈≈≈≈≈≈≈
≈≈≈≈≈≈≈≈≈≈▒ ▒≈▒ ▒.≈≈≈≈≈≈≈≈≈≈
▒≈≈≈≈≈≈≈≈.▒▒▒▒▒≈▒ ▒▒▒.≈≈≈≈≈≈≈≈≈
▒▒≈≈≈≈≈≈≈≈.▒.▒▒.▒▒▒▒▒≈≈≈≈≈≈≈≈≈≈≈≈
▒≈≈≈≈≈≈≈≈≈.≈†≈≈g..▒.≈≈≈≈≈≈≈≈≈≈▒▒
▒▒▒≈≈≈≈≈≈≈≈≈≈≈≈≈≈≈.≈≈≈≈≈≈≈≈≈≈▒▒
▒≈≈≈≈≈≈≈≈≈≈≈≈≈≈≈≈≈≈≈≈≈≈≈≈≈≈≈
▒▒≈≈≈≈≈≈≈≈≈≈≈≈≈≈≈≈≈≈≈≈≈≈≈≈▒▒
▒▒▒≈≈≈≈≈≈≈≈≈≈≈≈≈≈≈≈≈≈≈≈≈≈▒
▒≈≈≈≈≈≈≈≈≈≈≈≈≈≈≈≈≈≈≈≈≈▒▒
▒≈≈≈≈≈≈≈≈≈≈≈≈≈≈≈≈≈≈≈▒▒▒
▒▒▒▒≈≈≈≈≈≈≈≈≈≈≈≈≈≈≈≈≈
≈≈▒≈≈▒▒▒≈≈≈≈≈≈≈▒


There were no monsters in sight!


Message History

You feel dopey.
You feel clumsy.
Okay, then.
Unknown command.
It was a potion of mutation.
You feel extremely strange.
Your connection to magic feels subdued.
You feel yourself wasting away.
Really quaff
g - 2 potions of mutation {!q}?
Really quaff the potion of mutation?
You feel extremely strange.
Your magic regains its normal vibrancy.
You feel healthier.
Your fingernails lengthen.
A pair of horns grows on your head!
Your +0 helmet of see invisible falls away!
You feel less perceptive.
You feel a little pissed off.
Unknown command.
Really quaff
g - a potion of mutation {!q}?
Really quaff the potion of mutation?
You feel extremely strange.
You feel a little more calm.
Your fingernails shrink to normal size.
You feel a strange attunement to the structure of the dungeons.
You lose the ability to read scrolls when threatened.
The horns on your head grow some more.
Unknown command.
Okay, then.
Are you sure you want to abandon this character and quit the game? (Confirm with "yes".)

Action                   |  1- 3 |  4- 6 |  7- 9 || total
-------------------------+-------+-------+-------++-------
Melee: Spear             |    24 |    43 |    10 ||    77
       Bite              |     1 |     3 |     2 ||     6
       War axe           |       |     9 |       ||     9
 Cast: Magic Dart        |    54 |    77 |    23 ||   154
       Searing Ray       |       |     4 |    17 ||    21
  Use: Scroll            |       |     4 |     4 ||     8
       Potion            |       |       |     6 ||     6
 Stab: Sleeping          |       |     1 |       ||     1
Armor: Robe              |     2 |       |     8 ||    10
       Ring mail         |     6 |    16 |       ||    22
Dodge: Dodged            |    16 |    26 |    45 ||    87

Levels and vault maps discovered:
D:1:      amcnicky_arrival_double_pillar, layout_loops_corners,
          chequers_ecumenical_altar_lobes
D:2:      layout_rooms, basic_altar, serial_shops, shop, minmay_domino_4,
          uniq_robin
D:3:      layout_rooms, kennysheep_generic_room_16, uniq_sigmund
D:4:      layout_cave_pools, minmay_temple_entry_tees, dk_vineyard_1,
          minmay_mini_ossuary, uniq_menkaure
D:5:      layout_basic, minitemple, grunt_temple_overflow_open, uniq_edmund
D:6:      layout_loops_ring, cheibrodos_sewer_entry_sluice, st_stairs_1
D:7:      layout_rooms, uniq_crazy_yiuf_cottage, uniq_maggie
Temple:   eino_temple_lava
Sewer:    sewer_co_pargi_island

Notes
Turn   | Place    | Note
-------+----------+-------------------------------------------
     0 | D:1      | sanka the Gnoll Conjurer began the quest for the Orb.
     0 | D:1      | Reached XP level 1. HP: 13/13 MP: 6/6
   162 | D:1      | Reached XP level 2. HP: 19/19 MP: 5/7
   184 | D:1      | Learned a level 2 spell: Searing Ray
   471 | D:1      | Found a faded altar of an unknown god.
  1059 | D:1      | Reached XP level 3. HP: 25/25 MP: 7/9
  1063 | D:1      | Reached skill level 5 in Spellcasting
  1332 | D:2      | Found a snail-covered altar of Cheibriados.
  1403 | D:2      | Reached skill level 1 in Invocations
  1512 | D:2      | Noticed Robin
  1513 | D:2      | Reached skill level 1 in Fighting
  1513 | D:2      | Reached skill level 1 in Short Blades
  1513 | D:2      | Reached skill level 1 in Long Blades
  1513 | D:2      | Reached skill level 1 in Axes
  1513 | D:2      | Reached skill level 1 in Maces & Flails
  1513 | D:2      | Reached skill level 1 in Polearms
  1513 | D:2      | Reached skill level 1 in Staves
  1513 | D:2      | Reached skill level 1 in Slings
  1513 | D:2      | Reached skill level 1 in Bows
  1513 | D:2      | Reached skill level 1 in Crossbows
  1513 | D:2      | Reached skill level 1 in Throwing
  1513 | D:2      | Reached skill level 1 in Armour
  1513 | D:2      | Reached skill level 1 in Shields
  1513 | D:2      | Reached skill level 1 in Unarmed Combat
  1513 | D:2      | Reached skill level 1 in Evocations
  1657 | D:2      | Reached XP level 4. HP: 32/32 MP: 4/11
  1682 | D:2      | Killed Robin
  2115 | D:2      | Reached skill level 1 in Hexes
  2115 | D:2      | Reached skill level 1 in Summonings
  2115 | D:2      | Reached skill level 1 in Necromancy
  2115 | D:2      | Reached skill level 1 in Translocations
  2115 | D:2      | Reached skill level 1 in Transmutations
  2115 | D:2      | Reached skill level 1 in Fire Magic
  2115 | D:2      | Reached skill level 1 in Ice Magic
  2115 | D:2      | Reached skill level 1 in Air Magic
  2115 | D:2      | Reached skill level 1 in Earth Magic
  2115 | D:2      | Reached skill level 1 in Poison Magic
  2132 | D:2      | Found Noor Ross's Magic Scroll Boutique.
  2173 | D:2      | Bought a scroll of teleportation for 33 gold pieces
  2173 | D:2      | Bought a scroll of fear for 38 gold pieces
  2173 | D:2      | Bought a scroll of identify for 22 gold pieces
  2472 | D:2      | Reached XP level 5. HP: 35/37 MP: 12/12
  2490 | D:3      | Identified a +0 robe of the Archmagi
  2490 | D:3      | Noticed Sigmund
  2500 | D:3      | Killed Sigmund
  2501 | D:3      | Reached skill level 5 in Dodging
  2501 | D:3      | Reached skill level 2 in Invocations
  2501 | D:3      | Reached XP level 6. HP: 37/44 MP: 14/14
  2765 | D:3      | Reached skill level 2 in Fighting
  2765 | D:3      | Reached skill level 2 in Short Blades
  2765 | D:3      | Reached skill level 2 in Long Blades
  2765 | D:3      | Reached skill level 2 in Axes
  2765 | D:3      | Reached skill level 2 in Maces & Flails
  2765 | D:3      | Reached skill level 2 in Polearms
  2765 | D:3      | Reached skill level 2 in Staves
  2765 | D:3      | Reached skill level 2 in Slings
  2765 | D:3      | Reached skill level 2 in Bows
  2765 | D:3      | Reached skill level 2 in Crossbows
  2765 | D:3      | Reached skill level 2 in Throwing
  2765 | D:3      | Reached skill level 2 in Armour
  2765 | D:3      | Reached skill level 2 in Shields
  2765 | D:3      | Reached skill level 2 in Unarmed Combat
  2765 | D:3      | Reached skill level 2 in Evocations
  3189 | D:4      | Found a staircase to the Ecumenical Temple.
  3196 | Temple   | Entered the Ecumenical Temple
  3277 | Temple   | Became a worshipper of Ashenzari the Shackled
  3426 | D:4      | Noticed a yak
  3426 | D:4      | Noticed a yak
  3429 | D:4      | Noticed a yak
  4072 | D:4      | Noticed Menkaure
  4097 | D:4      | Killed Menkaure
  4098 | D:4      | Reached XP level 7. HP: 26/51 MP: 7/15
  4103 | D:4      | Noticed a yak
  4249 | D:4      | Noticed a yak
  4250 | D:4      | Noticed a yak
  4297 | D:2      | Bought a scroll of enchant armour for 82 gold pieces
  4297 | D:2      | Identified a scroll of acquirement
  4299 | D:2      | Acquired an amulet of regeneration
  4348 | D:3      | Killed a yak
  4349 | D:3      | Reached skill level 2 in Hexes
  4349 | D:3      | Reached skill level 2 in Summonings
  4349 | D:3      | Reached skill level 2 in Necromancy
  4349 | D:3      | Reached skill level 2 in Translocations
  4349 | D:3      | Reached skill level 2 in Transmutations
  4349 | D:3      | Reached skill level 2 in Fire Magic
  4349 | D:3      | Reached skill level 2 in Ice Magic
  4349 | D:3      | Reached skill level 2 in Air Magic
  4349 | D:3      | Reached skill level 2 in Earth Magic
  4349 | D:3      | Reached skill level 2 in Poison Magic
  4385 | D:3      | Killed a yak
  4386 | D:3      | Reached skill level 5 in Stealth
  4386 | D:3      | Reached skill level 3 in Invocations
  4574 | D:4      | Killed a yak
  4575 | D:4      | Reached skill level 3 in Fighting
  4575 | D:4      | Reached skill level 3 in Short Blades
  4575 | D:4      | Reached skill level 3 in Long Blades
  4575 | D:4      | Reached skill level 3 in Axes
  4575 | D:4      | Reached skill level 3 in Maces & Flails
  4575 | D:4      | Reached skill level 3 in Polearms
  4575 | D:4      | Reached skill level 3 in Staves
  4575 | D:4      | Reached skill level 3 in Slings
  4575 | D:4      | Reached skill level 3 in Bows
  4575 | D:4      | Reached skill level 3 in Crossbows
  4575 | D:4      | Reached skill level 3 in Throwing
  4575 | D:4      | Reached skill level 3 in Armour
  4575 | D:4      | Reached skill level 3 in Shields
  4575 | D:4      | Reached skill level 3 in Unarmed Combat
  4575 | D:4      | Reached skill level 3 in Evocations
  4575 | D:4      | Reached XP level 8. HP: 58/58 MP: 7/16
  4877 | D:4      | Killed a yak
  4878 | D:4      | Reached skill level 6 in Spellcasting
  5132 | D:4      | Found a staircase to the Ecumenical Temple.
  5418 | D:4      | Killed a yak
  5425 | D:4      | Killed a yak
  5726 | D:4      | Found a staircase to the Ecumenical Temple.
  5995 | D:5      | Entered Level 5 of the Dungeon
  6061 | D:7      | Reached skill level 4 in Invocations
  6099 | D:7      | Reached skill level 6 in Dodging
  6099 | D:7      | Reached skill level 3 in Hexes
  6099 | D:7      | Reached skill level 3 in Summonings
  6099 | D:7      | Reached skill level 3 in Necromancy
  6099 | D:7      | Reached skill level 3 in Translocations
  6099 | D:7      | Reached skill level 3 in Transmutations
  6099 | D:7      | Reached skill level 3 in Fire Magic
  6099 | D:7      | Reached skill level 3 in Ice Magic
  6099 | D:7      | Reached skill level 3 in Air Magic
  6099 | D:7      | Reached skill level 3 in Earth Magic
  6099 | D:7      | Reached skill level 3 in Poison Magic
  6113 | D:6      | Reached XP level 9. HP: 45/65 MP: 9/18
  6129 | D:6      | Found a glowing drain.
  6194 | Sewer    | Entered a sewer
  6318 | Sewer    | Noticed Pargi
  6333 | Sewer    | Killed Pargi
  6471 | Sewer    | Gained mutation: Your spells are a little easier to cast,
                  | but a little less powerful. [potion of mutation]
  6471 | Sewer    | Gained mutation: Your body sometimes deteriorates upon
                  | taking damage. [potion of mutation]
  6472 | Sewer    | Lost mutation: Your spells are a little easier to cast, but
                  | a little less powerful. [potion of mutation]
  6472 | Sewer    | Lost mutation: Your body sometimes deteriorates upon taking
                  | damage. [potion of mutation]
  6472 | Sewer    | Gained mutation: You have sharp fingernails. [potion of
                  | mutation]
  6472 | Sewer    | Gained mutation: You have a pair of small horns on your
                  | head. [potion of mutation]
  6472 | Sewer    | Gained mutation: You tend to lose your temper in combat.
                  | [potion of mutation]
  6473 | Sewer    | Lost mutation: You tend to lose your temper in combat.
                  | [potion of mutation]
  6473 | Sewer    | Lost mutation: You have sharp fingernails. [potion of
                  | mutation]
  6473 | Sewer    | Gained mutation: You passively map a small area around you.
                  | [potion of mutation]
  6473 | Sewer    | Gained mutation: You sometimes lose the ability to read
                  | scrolls when taking damage. [potion of mutation]
  6473 | Sewer    | Gained mutation: You have a pair of horns on your head.
                  | [potion of mutation]
  6474 | Sewer    | Quit the game

Vanquished Creatures
  Sigmund (D:3)
  6 yaks
  Menkaure (D:4)
  2 water moccasins (D:7)
  Pargi (Sewer)
  A hound (D:6)
  An orc wizard (D:2)
  A mummy (D:4)
  Robin (D:2)
  5 gnolls
  5 adders
  3 dart slugs
  8 orcs
  11 ball pythons
  6 endoplasms
  2 giant cockroaches
  19 goblins
  4 hobgoblins
  7 jackals
  2 quokkas
  9 bats
  8 frilled lizards
  2 hobgoblin zombies (D:4)
  5 kobolds
  A kobold zombie (D:4)
  An orc zombie (D:4)
  11 rats
124 creatures vanquished.

Vanquished Creatures (others)
  A plant (D:1)
1 creature vanquished.

Grand Total: 125 creatures vanquished
